Map: Interloper LE

Players

Winthrowe

  • Race: Protoss Protoss
  • League: Silver
  • Spawn Location: 5:00

WLwanlee - Winner!

  • Race: Zerg Zerg
  • League: Silver
  • Spawn Location: 11:00

VOD

Have the link to the VOD?

Description

Time

  • Played on: Aug. 28, 2017, 5 p.m.
  • Length: 3:40
Show
View Real Time Build Order
Export as new Build Order

Winthrowe Protoss 

Build Orders: 1 Gate Expand 

Get SALT Encoding   

  12  0:03  Probe (Chrono Boost)  
  13  0:13  Probe (Chrono Boost)  
  14  0:18  Pylon  
  14  0:24  Probe (Chrono Boost)  
  15  0:36  Probe (Chrono Boost)  
  16  0:44  Gateway  
  16  0:47  Probe (Chrono Boost)  
  16  0:48  Assimilator  
  17  0:58  Probe (Chrono Boost)  
  18  1:08  Probe (Chrono Boost)  
  19  1:19  Probe (Chrono Boost)  
  20  1:29  Nexus, Probe (Chrono Boost)  
  22  1:40  Probe (Chrono Boost)  
  22  1:43  Assimilator  
  22  1:50  Probe (Chrono Boost)  
  23  2:02  Cybernetics Core  
  23  2:38  Pylon  
  23  2:41  Zealot, Probe (Chrono Boost)  
  23  2:42  Pylon  
  24  2:52  Probe (Chrono Boost)  
  18  3:02  Probe (Chrono Boost)  
  19  3:08  Zealot  
  22  3:13  Probe (Chrono Boost)  
  18  3:23  Probe (Chrono Boost)  
Show
View Real Time Build Order
Export as new Build Order

WLwanlee Zerg - Winner!

Build Orders: Pool First 

Get SALT Encoding   

  12  0:03  Drone  
  13  0:08  Drone  
  14  0:17  Overlord  
  14  0:25  Extractor, Drone  
  14  0:38  Drone x2  
  16  0:48  Spawning Pool  
  15  0:56  Drone  
  16  1:00  Overlord  
  16  1:29  Hatchery  
  15  1:37  Metabolic Boost  
  15  1:39  Zergling x2  
  16  1:43  Zergling x2  
  17  1:48  Zergling x2  
  18  2:00  Queen  
  20  2:05  Zergling x2  
  21  2:10  Zergling x2  
  22  2:19  Drone  
Tags
 
Add a new tag
Caveats
  • Supply blocks, unpowered buildings, or Contaminate may cause inaccurate times.
  • Supply counts are checked every 10 seconds.